AoeStats
← Lean_de_Bera

Arabia

503919082Analyzed
3v3 RM · 1mo ago on Sep 3, 2026· 29m 53s· 6 players
Game mode
Random Map
Map size
Normal (6 player)
Population
200
Speed
Normal
Resources
Standard
Victory
Conquest
Starting age
Dark Age
Ending age
Imperial Age
RankedLock teamsTeams togetherTeam positionsShared explorationLock speedFull tech treeHidden civsTurbo modeCheats
Victory
Defeat
🇦🇷 Ethiopians · Argentina
1739
+7
🇦🇷 Japanese · Argentina
1675
+10
🇦🇷 Franks · Argentina
1566
+14
🇦🇷 Franks · Argentina
1566
-12
🇦🇷 Dravidians · Argentina
1558
-11
🇲🇽 Koreans · Mexico
1457
-8
DiegoRasta
6:40 Loom
9:26 Feudal Age
9:59 Double-Bit Axe
12:41 Fletching
19:06 Horse Collar
20:42 Padded Archer Armor
24:49 Castle Age
24:53 Crossbowman
25:28 Bodkin Arrow
28:18 Bow Saw
DiegoRH7955
7:31 Loom
9:59 Feudal Age
10:35 Double-Bit Axe
14:25 Fletching
27:10 Castle Age
25:26 Horse Collar
28:34 Bodkin Arrow
Lean_de_Bera
6:33 Loom
8:43 Feudal Age
9:36 Double-Bit Axe
10:59 Town Watch
17:35 Scale Barding Armor
19:11 Forging
24:53 Castle Age
25:59 Chain Barding Armor
25:52 Bow Saw
27:31 Iron Casting
MerlinAoE
6:08 Loom
9:06 Feudal Age
10:00 Man-at-Arms
10:53 Double-Bit Axe
15:09 Fletching
18:31 Padded Archer Armor
22:35 Town Watch
22:42 Gold Mining
25:15 Castle Age
24:47 Horse Collar
25:17 Crossbowman
25:53 Bodkin Arrow
26:18 Bow Saw
26:58 Leather Archer Armor
27:34 Wheelbarrow
29:42 Ballistics
29:27 Elite Skirmisher
IMPERIAL IPA
6:15 Loom
9:01 Feudal Age
9:29 Double-Bit Axe
21:10 Wheelbarrow
23:58 Castle Age
23:04 Scale Barding Armor
23:10 Forging
25:16 Chain Barding Armor
25:51 Bow Saw
CesarFight
6:13 Loom
8:47 Feudal Age
12:45 Fletching
17:16 Padded Archer Armor
23:36 Castle Age
21:50 Double-Bit Axe
22:27 Horse Collar
23:25 Gold Mining
24:13 Bodkin Arrow
23:39 Crossbowman
25:58 Wheelbarrow
26:28 Ballistics
27:01 Leather Archer Armor
27:00 Town Watch
27:34 Bow Saw
28:17 Thumb Ring
30:12 Hand Cart
Connection lost

Rejoining the realm…

Still unreachable

The connection could not be restored.

Session expired

The server has moved on; the page needs a fresh start.